[Event "November 21 Early 2023"]
[Site "https://www.chess.com"]
[Date "2023.11.21"]
[Round "7"]
[White "Rian, Kapriaga"]
[Black "Ismayil, Malak"]
[Result "0-1"]
[Board "158"]
[TimeControl "180+1"]
[WhiteFideId "7103263"]
[BlackFideId "13412604"]
[WhiteElo "2315"]
[BlackElo "1898"]
[WhiteTeam "INA"]
[BlackTeam "AZE"]
[WhiteClock "0:00:01"]
[BlackClock "0:00:33"]

1. d4 Nf6 2. Nf3 d5 3. Bf4 e6 4. e3 Be7 5. Nbd2 O-O 6. Bd3 c5 7. c3 Nc6 8. Ne5 Nxe5 9. Bxe5 Nd7 10. Bg3 f5 11. O-O b6 12. Qe2 Bb7 13. a4 c4 14. Bc2 Bf6 15. Nf3 Rc8 16. h3 Kh8 17. Nd2 Bh4 18. Bxh4 Qxh4 19. Nf3 Qf6 20. Rfd1 g5 21. Rac1 Rg8 22. Nh2 Qh6 23. Bb1 Nf6 24. Rf1 g4 25. hxg4 Nxg4 26. Nxg4 Rxg4 27. Qf3 Rcg8 28. g3 Qh3 29. Qg2 Rxg3 30. fxg3 Rxg3 31. Rc2 Rxg2+ 32. Rxg2 Qxe3+ 33. Kh2 Qh6+ 34. Kg1 Bc6 35. Bc2 Be8 36. Rf3 Bg6 37. Rf1 Qe3+ 38. Kh2 Bh5 39. Rfg1 Bg4 40. Bd1 Qh3# 0-1

[Event "November 21 Early 2023"]
[Site "https://www.chess.com"]
[Date "2023.11.21"]
[Round "7"]
[White "Pumpkin_in_moonlight"]
[Black "Luukkonen, Tommi"]
[Result "1-0"]
[Board "160"]
[TimeControl "180+1"]
[BlackFideId "501808"]
[WhiteElo "2299"]
[BlackElo "2219"]
[BlackTeam "FIN"]
[WhiteClock "0:00:06"]
[BlackClock "0:00:11"]

1. e4 g6 2. f4 Bg7 3. Nf3 d6 4. d4 Nf6 5. Bd3 O-O 6. O-O a6 7. Kh1 b5 8. Be3 Bb7 9. Nbd2 Nbd7 10. Qe2 c5 11. c3 Qc7 12. a4 c4 13. Bc2 e5 14. fxe5 dxe5 15. dxe5 Ng4 16. Bd4 Ndxe5 17. h3 Nxf3 18. gxf3 Ne5 19. f4 Nd3 20. Bxd3 cxd3 21. Qxd3 Rad8 22. Kg1 Rfe8 23. Rae1 bxa4 24. e5 f6 25. e6 Bd5 26. f5 gxf5 27. Qxf5 Qc6 28. Bxf6 Qc5+ 29. Rf2 Bxf6 30. Qxf6 Rf8 31. e7 1-0

[Event "November 21 Early 2023"]
[Site "https://www.chess.com"]
[Date "2023.11.21"]
[Round "7"]
[White "Jamal-Jamal-Jamal"]
[Black "Cardozo Munar, Carlos Eduardo"]
[Result "1-0"]
[Board "161"]
[TimeControl "180+1"]
[BlackFideId "4409477"]
[WhiteElo "2460"]
[BlackElo "2067"]
[BlackTeam "COL"]
[WhiteClock "0:00:09"]
[BlackClock "0:00:58"]

1. d4 d5 2. c4 e5 3. dxe5 d4 4. Nf3 Nc6 5. a3 Nge7 6. e3 Bg4 7. Be2 dxe3 8. Bxe3 Qxd1+ 9. Bxd1 Ng6 10. O-O Ngxe5 11. Nxe5 Nxe5 12. Bxg4 Nxg4 13. Bf4 O-O-O 14. Nc3 Bc5 15. h3 Nxf2 16. Rxf2 Bxf2+ 17. Kxf2 Rd4 18. Be5 Rxc4 19. Bxg7 Rg8 20. Bh6 b5 21. Re1 b4 22. axb4 Rxb4 23. Re2 a5 24. Nd5 Rg6 25. Nxb4 axb4 26. Bd2 c5 27. Re5 Rc6 28. Re7 Rf6+ 29. Ke2 Kd8 30. Ra7 Re6+ 31. Kd3 Rd6+ 32. Ke2 Re6+ 33. Kf3 Rd6 34. Be3 c4 35. Rxf7 c3 36. bxc3 bxc3 37. Rxh7 c2 38. Rh4 Rc6 39. Bc1 Ke7 40. Rf4 Ke6 41. g4 Ke5 42. Rf5+ Kd4 43. h4 Kd3 44. h5 Re6 45. h6 Re1 46. Bg5 Rh1 47. Rd5+ Kc4 48. Rd7 Rd1 49. Rc7+ Kb3 50. h7 Rh1 51. Bf4 Rh3+ 52. Ke4 Rh4 53. g5 Kb2 54. g6 Rg4 55. h8=Q+ Kb1 56. Rxc2 Kxc2 57. Qc8+ Kd1 58. Qxg4+ Kc2 59. Qg2+ Kb1 60. Kd3 Ka1 61. Kc3 Kb1 62. Qb2# 1-0

[Event "November 21 Early 2023"]
[Site "https://www.chess.com"]
[Date "2023.11.21"]
[Round "7"]
[White "Witty_Alien"]
[Black "HeroWilczek"]
[Result "0-1"]
[Board "162"]
[TimeControl "180+1"]
[WhiteElo "2283"]
[BlackElo "2454"]
[WhiteClock "0:00:01"]
[BlackClock "0:00:32"]

1. e4 d5 2. exd5 Nf6 3. Bb5+ Nbd7 4. Nc3 g6 5. h4 a6 6. Ba4 Bg7 7. h5 Nxh5 8. Rxh5 gxh5 9. Qxh5 b5 10. Bb3 Nf6 11. Qg5 Bf8 12. Nf3 Rg8 13. Qe5 Qd6 14. d4 Ng4 15. Qh5 Nf6 16. Qe5 Bb7 17. Bf4 O-O-O 18. Ng5 Qxe5+ 19. dxe5 Nxd5 20. Nxf7 Nxc3 21. Nxd8 Rxg2 22. bxc3 Rg1+ 23. Ke2 Rxa1 24. Ne6 h5 25. Nxf8 h4 26. Ng6 Rh1 27. Nxe7+ Kd7 28. Ng6 h3 29. e6+ Ke8 30. e7 h2 31. Be6 Re1+ 32. Kxe1 h1=Q+ 33. Kd2 Qe4 34. Bf7+ Kxf7 35. Ne5+ Kxe7 0-1

[Event "November 21 Early 2023"]
[Site "https://www.chess.com"]
[Date "2023.11.21"]
[Round "7"]
[White "ATM622"]
[Black "Minina, Veronika"]
[Result "1-0"]
[Board "163"]
[TimeControl "180+1"]
[BlackFideId "4174780"]
[WhiteElo "2432"]
[BlackElo "1905"]
[BlackTeam "RUS"]
[WhiteClock "0:01:35"]
[BlackClock "0:00:00"]

1. d4 Nf6 2. c4 g6 3. g3 Bg7 4. Bg2 d6 5. Nf3 O-O 6. O-O c5 7. Nc3 cxd4 8. Nxd4 Nbd7 9. b3 Rb8 10. Bb2 Nc5 11. Rc1 a6 12. b4 Ne6 13. Nd5 Nxd5 14. cxd5 Nxd4 15. Bxd4 Bxd4 16. Qxd4 Bd7 17. Rc2 a5 18. Rfc1 axb4 19. Rc7 Rc8 20. Qb6 Bb5 21. Qxb7 Rxc7 22. Rxc7 Bxe2 23. Rxe7 Bd3 24. Re3 Bc4 25. Qxb4 Bxa2 26. Ra3 Qc7 27. Rxa2 Rb8 28. Qe1 Qc4 29. Rd2 Rb4 30. h4 Qb5 31. Kh2 h5 32. Re2 Kg7 33. Qc3+ Kh7 34. Re7 Kg8 35. Qf6 1-0

[Event "November 21 Early 2023"]
[Site "https://www.chess.com"]
[Date "2023.11.21"]
[Round "7"]
[White "Bashirli, Saadat"]
[Black "thisjuan"]
[Result "1-0"]
[Board "164"]
[TimeControl "180+1"]
[WhiteFideId "13429990"]
[WhiteElo "1537"]
[BlackElo "2250"]
[WhiteTeam "AZE"]
[WhiteClock "0:00:48"]
[BlackClock "0:00:23"]

1. d4 Nf6 2. e3 c5 3. c3 g6 4. f4 Bg7 5. Bd3 d6 6. Nf3 O-O 7. O-O b6 8. Nbd2 Bb7 9. Qe2 Nbd7 10. b3 Qc7 11. Bb2 e5 12. e4 Rae8 13. fxe5 dxe5 14. d5 Nxd5 15. exd5 e4 16. Bxe4 f5 17. Qc4 Kh8 18. d6 Rxe4 19. dxc7 Rxc4 20. Nxc4 Ba6 21. Nd6 Ne5 22. Nxe5 Bxe5 23. Rfd1 f4 24. Nf7+ Rxf7 25. Rd8+ Kg7 26. c8=Q Bxc8 27. Rxc8 f3 28. gxf3 Rxf3 29. Rf1 Rd3 30. Re8 Bd6 31. c4+ Kh6 32. Bc1+ Kh5 33. Re3 Rd4 34. Rh3+ Kg4 35. Rxh7 g5 36. Rg7 Kh3 37. Rxg5 Bxh2+ 38. Kh1 Rh4 39. Rf3+ Bg3 40. Rfxg3# 1-0

[Event "November 21 Early 2023"]
[Site "https://www.chess.com"]
[Date "2023.11.21"]
[Round "7"]
[White "pinguino120"]
[Black "Bogaudinov, Rushan"]
[Result "0-1"]
[Board "165"]
[TimeControl "180+1"]
[BlackFideId "4129288"]
[WhiteElo "2240"]
[BlackElo "1908"]
[BlackTeam "RUS"]
[WhiteClock "0:00:22"]
[BlackClock "0:00:45"]

1. Nf3 b5 2. b3 Bb7 3. Bb2 e6 4. e3 a6 5. Be2 Nf6 6. O-O Be7 7. c4 bxc4 8. bxc4 c5 9. d4 O-O 10. Nc3 cxd4 11. exd4 d5 12. Ne5 dxc4 13. Bxc4 Nbd7 14. Re1 Rb8 15. Bc1 Nb6 16. Bb3 Qc7 17. Qd3 Rfd8 18. Bf4 Bd6 19. Rac1 Qe7 20. Qh3 Ba3 21. Rcd1 Rbc8 22. Nxf7 Nbd5 23. Nxd5 Rxd5 24. Bxd5 Nxd5 25. Ng5 h6 26. Rxe6 Nxf4 27. Rxe7 Nxh3+ 28. Nxh3 Bxe7 29. Nf4 Kf7 30. d5 g5 31. Nd3 Bxd5 32. Ne5+ Ke6 33. Ng6 Bb4 34. Rb1 a5 35. h4 Be4 0-1

[Event "November 21 Early 2023"]
[Site "https://www.chess.com"]
[Date "2023.11.21"]
[Round "7"]
[White "Rosenberg, Evan S"]
[Black "Dodaro, Mattia"]
[Result "1-0"]
[Board "166"]
[TimeControl "180+1"]
[WhiteFideId "2019299"]
[BlackFideId "28583400"]
[WhiteElo "2428"]
[BlackElo "2236"]
[WhiteTeam "USA"]
[BlackTeam "ITA"]
[WhiteClock "0:01:03"]
[BlackClock "0:01:54"]

1. d4 c5 2. d5 e5 3. e4 d6 4. Nc3 g6 5. g3 Bg7 6. h4 h6 7. Bh3 Ne7 8. Bxc8 Qxc8 9. Kf1 O-O 10. Kg2 f5 11. exf5 Nxf5 12. Ne4 Qd8 13. c3 b5 14. a4 b4 15. a5 Na6 16. Qd3 Nc7 17. Bd2 bxc3 18. bxc3 Kh7 19. h5 g5 20. g4 Ne7 21. Nf6+ 1-0

[Event "November 21 Early 2023"]
[Site "https://www.chess.com"]
[Date "2023.11.21"]
[Round "7"]
[White "Cueto, Jonny"]
[Black "topce"]
[Result "0-1"]
[Board "167"]
[TimeControl "180+1"]
[WhiteFideId "3300145"]
[WhiteElo "2155"]
[BlackElo "2426"]
[WhiteTeam "BOL"]
[WhiteClock "0:00:04"]
[BlackClock "0:01:01"]

1. d4 c5 2. d5 Nf6 3. Nc3 d6 4. e4 e6 5. Bb5+ Bd7 6. a4 a6 7. Bd3 exd5 8. exd5 g6 9. Nf3 Bg4 10. h3 Bxf3 11. Qxf3 Nbd7 12. Bf4 Qe7+ 13. Kd2 Ne5 14. Bxe5 dxe5 15. Rae1 Bh6+ 16. Kd1 O-O 17. g4 e4 18. Bxe4 Rae8 19. Bd3 Qd6 20. h4 Bf4 21. h5 Be5 22. g5 Bxc3 23. Rxe8 Rxe8 24. bxc3 Nxd5 25. hxg6 hxg6 26. Qh3 Nxc3+ 27. Kd2 Ne4+ 28. Kc1 Qf4+ 29. Kb2 Qe5+ 30. Kc1 Nxg5 31. Qh6 Qa1+ 32. Kd2 Nf3# 0-1

[Event "November 21 Early 2023"]
[Site "https://www.chess.com"]
[Date "2023.11.21"]
[Round "7"]
[White "Osmonbekov, Talaibek"]
[Black "Rios Escobar, Adan"]
[Result "0-1"]
[Board "168"]
[TimeControl "180+1"]
[WhiteFideId "2017253"]
[BlackFideId "3403645"]
[WhiteElo "2135"]
[BlackElo "2422"]
[WhiteTeam "USA"]
[BlackTeam "CHI"]
[WhiteClock "0:01:28"]
[BlackClock "0:01:25"]

1. d4 Nf6 2. Nc3 d5 3. Bf4 e6 4. e3 a6 5. Nf3 c5 6. Ne5 Be7 7. g4 h6 8. h4 Nc6 9. dxc5 Bxc5 10. Qf3 Qa5 11. O-O-O Bb4 12. g5 Bxc3 13. Nxc6 bxc6 14. bxc3 Ne4 15. gxh6 Qa3+ 0-1

[Event "November 21 Early 2023"]
[Site "https://www.chess.com"]
[Date "2023.11.21"]
[Round "7"]
[White "PoXerStar"]
[Black "Ghosh, Chanchal Kumer"]
[Result "0-1"]
[Board "169"]
[TimeControl "180+1"]
[BlackFideId "10201858"]
[WhiteElo "2422"]
[BlackElo "2067"]
[BlackTeam "BAN"]
[WhiteClock "0:00:02"]
[BlackClock "0:01:24"]

1. d4 d5 2. c4 e6 3. Nf3 Nf6 4. Bf4 Bd6 5. Bxd6 Qxd6 6. Nc3 a6 7. e3 b6 8. cxd5 exd5 9. Bd3 O-O 10. h3 Re8 11. O-O Nbd7 12. Qc2 h6 13. Rfe1 Bb7 14. Rac1 c5 15. Red1 c4 16. Bf5 b5 17. Bxd7 Nxd7 18. Ne2 Re7 19. Ng3 g6 20. h4 h5 21. Ng5 Nf6 22. e4 dxe4 23. b3 e3 24. bxc4 exf2+ 25. Qxf2 Ng4 26. c5 Qd5 27. Qd2 Rae8 28. Rf1 Re2 29. Qxe2 Rxe2 30. Nh7 0-1

[Event "November 21 Early 2023"]
[Site "https://www.chess.com"]
[Date "2023.11.21"]
[Round "7"]
[White "Saim, Mohamed Ilias"]
[Black "Estrada Nieto, Julian"]
[Result "0-1"]
[Board "170"]
[TimeControl "180+1"]
[WhiteFideId "7900465"]
[BlackFideId "5101018"]
[WhiteElo "2063"]
[BlackElo "2161"]
[WhiteTeam "ALG"]
[BlackTeam "ESP"]
[WhiteClock "0:00:00"]
[BlackClock "0:00:27"]

1. d4 Nf6 2. c4 e6 3. Nf3 c5 4. d5 exd5 5. cxd5 d6 6. Nc3 g6 7. e4 Bg4 8. Bd3 Bg7 9. O-O O-O 10. h3 Bxf3 11. Qxf3 Nbd7 12. Bf4 Ne8 13. Qe2 a6 14. a4 Rb8 15. Bg3 Be5 16. f4 Bd4+ 17. Kh1 Qe7 18. Rae1 Nef6 19. e5 Nh5 20. Bh2 Rbe8 21. g4 Ng7 22. Qf3 dxe5 23. fxe5 Nxe5 24. Bxe5 Bxe5 25. Re2 Qh4 26. Rfe1 Bxc3 27. bxc3 Qxe1+ 28. Rxe1 Rxe1+ 29. Kg2 Rd8 30. c4 Ne8 31. Qf2 Rd1 32. Qe3 Nd6 33. Qe7 Re8 34. Qxd6 Rd2+ 35. Kf1 Rxd3 36. Qxc5 Re4 37. Kf2 Kg7 38. Qc7 b6 39. Qxb6 Rxc4 40. Qxa6 Rcd4 41. d6 Rxd6 42. Qb5 R6d5 43. Qb2+ Kh6 44. Qc1+ g5 45. Qc6+ Rd6 46. Qc2 Rd2+ 0-1

[Event "November 21 Early 2023"]
[Site "https://www.chess.com"]
[Date "2023.11.21"]
[Round "7"]
[White "Reprintsev, Alexander"]
[Black "MIss_MIaMI"]
[Result "0-1"]
[Board "171"]
[TimeControl "180+1"]
[WhiteFideId "14100541"]
[WhiteElo "2229"]
[BlackElo "2362"]
[WhiteTeam "UKR"]
[WhiteClock "0:00:00"]
[BlackClock "0:00:09"]

1. e4 c5 2. b3 e6 3. Nf3 Nc6 4. Bb2 d6 5. d4 cxd4 6. Nxd4 Nf6 7. Nxc6 bxc6 8. e5 dxe5 9. Qxd8+ Kxd8 10. Bxe5 Be7 11. Be2 Rg8 12. Bf3 Ba6 13. c4 Rc8 14. O-O Nd7 15. Rd1 Ke8 16. Bc3 f6 17. Nd2 Nc5 18. Nf1 Kf7 19. Ne3 Bb7 20. b4 Na4 21. Be1 Rgd8 22. c5 a5 23. Rxd8 Rxd8 24. b5 Bxc5 25. bxc6 Bc8 26. Bxa5 Rd3 27. Be2 Rd6 28. Bb5 Nb2 29. a4 f5 30. g3 g5 31. Rb1 Nd3 32. Bc7 Rd4 33. Bxd3 Rxd3 34. Nc4 Rc3 35. Ne5+ Ke7 36. a5 Ba6 37. Bb6 Bd6 38. f4 Bxe5 39. fxe5 Rxc6 40. Rd1 h5 41. Bd8+ Kf7 42. Bxg5 Rc5 43. Bf4 Rxa5 44. Rd7+ Kg6 45. Kg2 Bc4 46. Kh3 Bf1+ 47. Kh4 Ra2 48. g4 fxg4 49. Bg3 Ra3 50. Re7 Bc4 51. Re8 Bd5 52. Rg8+ Kh7 53. Rg5 Kh6 54. Rxh5+ Kg6 55. Rg5+ Kf7 56. Rxg4 Ra8 57. Rf4+ Kg6 58. Rf6+ Kg7 59. Kg4 Ra4+ 60. Kg5 Ra3 61. Rf2 Rf3 62. Rb2 Rf5+ 63. Kh4 Kg6 64. Rb8 Rf3 65. Rg8+ Kh7 66. Rg5 Kh6 67. Rg8 Kh7 68. Rd8 Kh6 69. Kg4 Rd3 70. Rd6 Rd4+ 71. Kh3 Kg6 72. Rb6 Kg5 73. Rb8 Rd2 74. Rg8+ Kf5 75. Rf8+ Kg6 76. Kh4 Rd4+ 77. Bf4 Rb4 78. Rf6+ Kg7 79. Kg5 Rb1 80. Rg6+ Kf7 81. Rh6 Rg1+ 82. Kh4 Rf1 83. Bg3 Rf5 0-1

[Event "November 21 Early 2023"]
[Site "https://www.chess.com"]
[Date "2023.11.21"]
[Round "7"]
[White "Kovacsy, Barnabas"]
[Black "Skiadopoulos, Nikolaos"]
[Result "1-0"]
[Board "172"]
[TimeControl "180+1"]
[WhiteFideId "769290"]
[BlackFideId "4200772"]
[WhiteElo "2130"]
[BlackElo "2022"]
[WhiteTeam "HUN"]
[BlackTeam "GRE"]
[WhiteClock "0:01:07"]
[BlackClock "0:00:00"]

1. e4 c5 2. Nf3 Nc6 3. d4 cxd4 4. Nxd4 e5 5. Nb5 a6 6. Nd6+ Bxd6 7. Qxd6 Qf6 8. Qd1 Qg6 9. Be3 Qxe4 10. Nd2 Qg6 11. Bd3 f5 12. O-O d5 13. Be2 Nf6 14. f4 O-O 15. Nf3 d4 16. Bf2 Ne4 17. Nxe5 Nxe5 18. fxe5 Nxf2 19. Rxf2 Be6 20. Qxd4 Rad8 21. Qf4 b5 22. a4 Rd5 23. axb5 axb5 24. c4 Rd7 25. cxb5 Rfd8 26. b6 Rd4 27. Qe3 f4 28. Rxf4 Rxf4 29. Qxf4 Bd5 30. Bf3 Qxb6+ 31. Kh1 Qxb2 32. Bxd5+ Kh8 33. Rf1 1-0

[Event "November 21 Early 2023"]
[Site "https://www.chess.com"]
[Date "2023.11.21"]
[Round "7"]
[White "Su, Dion"]
[Black "Pasmendjambvirgulptipon98"]
[Result "1-0"]
[Board "173"]
[TimeControl "180+1"]
[WhiteFideId "2029731"]
[WhiteElo "2390"]
[BlackElo "2233"]
[WhiteTeam "USA"]
[WhiteClock "0:00:05"]
[BlackClock "0:00:02"]

1. e4 c5 2. Nf3 Nc6 3. d4 cxd4 4. Nxd4 Nf6 5. Nc3 e5 6. Ndb5 d6 7. Bg5 a6 8. Na3 b5 9. Bxf6 gxf6 10. Nd5 Bg7 11. Bd3 Be6 12. O-O Bxd5 13. exd5 Ne7 14. c4 b4 15. Nc2 a5 16. Ne3 Qd7 17. Qh5 a4 18. Rac1 a3 19. b3 Ng6 20. g3 Qa7 21. Nf5 Bf8 22. c5 dxc5 23. Bb5+ Kd8 24. Rfd1 Rb8 25. Bc4 Rb6 26. d6 Qd7 27. Rd5 e4 28. Rcd1 Ne5 29. Rxc5 Rg8 30. Rc7 Rg5 31. Rxd7+ Kxd7 32. Qh3 Nf3+ 33. Kf1 h5 34. Nd4+ Kd8 35. Nxf3 exf3 36. Qh4 Rxd6 37. Rxd6+ Bxd6 38. Qd4 Ke7 39. Bd3 Re5 40. Be4 f5 41. Bxf3 Kf6 42. h4 Bc7 43. Kg2 Kg6 44. Qxb4 Re6 45. Qf8 Bd6 46. Qg8+ Kf6 47. Qh7 Ke7 48. Qxh5 Re1 49. Qg5+ Kd7 50. Qxf5+ Kc7 51. Bg4 Ra1 52. Qxf7+ Kb6 53. Qe6 Rxa2 54. Qxd6+ Ka5 55. Qc5+ Ka6 56. Bc8# 1-0

[Event "November 21 Early 2023"]
[Site "https://www.chess.com"]
[Date "2023.11.21"]
[Round "7"]
[White "Kuchava, Ana"]
[Black "ChessLebaneseSalah"]
[Result "0-1"]
[Board "174"]
[TimeControl "180+1"]
[WhiteFideId "13605348"]
[WhiteElo "1950"]
[BlackElo "2386"]
[WhiteTeam "GEO"]
[WhiteClock "0:00:01"]
[BlackClock "0:00:17"]

1. d4 d5 2. Nf3 Nf6 3. c4 c6 4. Qb3 dxc4 5. Qxc4 Bf5 6. Nc3 e6 7. g3 Nbd7 8. Bg2 Rc8 9. O-O b5 10. Qb3 a6 11. Nh4 Bg6 12. Nxg6 hxg6 13. Bg5 Be7 14. h3 c5 15. dxc5 Rxc5 16. Rfd1 Rxg5 17. a4 b4 18. Na2 Qb6 19. Rac1 Rxg3 20. Qxg3 O-O 21. Qc7 Bc5 22. Qxb6 Bxb6 23. Rc6 Rb8 24. Nxb4 Bxf2+ 25. Kxf2 Rxb4 26. Rxa6 Rxb2 27. a5 Nc5 28. Ra8+ Kh7 29. a6 Ra2 30. a7 Nfe4+ 31. Bxe4 Nxe4+ 32. Ke3 Nc3 33. Rd7 Nd5+ 34. Kf2 Nb6 35. Rdd8 Nxa8 36. Rxa8 g5 37. Kg3 Kg6 38. e3 Kf5 39. Kf3 e5 40. Kg3 Ke4 41. Kg4 f6 42. Kh5 Kf5 43. e4+ Kxe4 44. Kg6 f5 45. Kxg7 g4 46. h4 g3 47. Kf6 f4 48. h5 f3 49. h6 g2 50. Rg8 Rxa7 51. Rg7 Rxg7 52. hxg7 g1=Q 53. Kf7 Qxg7+ 54. Kxg7 f2 0-1

[Event "November 21 Early 2023"]
[Site "https://www.chess.com"]
[Date "2023.11.21"]
[Round "7"]
[White "campochess"]
[Black "Dwilewicz, Katarzyna"]
[Result "1-0"]
[Board "175"]
[TimeControl "180+1"]
[BlackFideId "1148486"]
[WhiteElo "2192"]
[BlackElo "2098"]
[BlackTeam "POL"]
[WhiteClock "0:01:25"]
[BlackClock "0:01:36"]

1. d4 g6 2. e4 Bg7 3. Nf3 d6 4. h3 e6 5. c4 Ne7 6. Nc3 Nd7 7. Bg5 h6 8. Be3 O-O 9. Qd2 Kh7 10. O-O-O c6 11. h4 h5 12. Ng5+ Kg8 13. f3 a6 14. g4 b5 15. gxh5 b4 16. Ne2 Qa5 17. Kb1 gxh5 18. Nf4 e5 19. Nxh5 exd4 20. Bxd4 Bxd4 21. Qxd4 Ne5 22. Qxd6 N7g6 23. Nf6+ Kg7 24. h5 Rh8 25. hxg6 Rxh1 26. Ne8+ Kg8 27. gxf7+ Nxf7 28. Qg6+ Kh8 29. Nxf7# 1-0

[Event "November 21 Early 2023"]
[Site "https://www.chess.com"]
[Date "2023.11.21"]
[Round "7"]
[White "Koridze, Lile"]
[Black "missponyo10"]
[Result "0-1"]
[Board "176"]
[TimeControl "180+1"]
[WhiteFideId "13612514"]
[WhiteElo "2061"]
[BlackElo "2182"]
[WhiteTeam "GEO"]
[WhiteClock "0:00:03"]
[BlackClock "0:01:09"]

1. d4 Nf6 2. c4 d5 3. Nc3 c6 4. e3 e6 5. Nf3 Nbd7 6. Bd3 Bd6 7. O-O dxc4 8. Bxc4 b5 9. Bd3 Bb7 10. a3 O-O 11. e4 e5 12. Bg5 exd4 13. Nxd4 h6 14. Bh4 Nc5 15. Bc2 g6 16. Qf3 Be5 17. Rad1 Ncd7 18. Nf5 gxf5 19. Qxf5 Qc7 20. f4 Bxc3 21. bxc3 c5 22. Bxf6 Nxf6 23. Qxf6 Rad8 24. Rf3 Rxd1+ 25. Bxd1 Bxe4 26. Rg3+ Bg6 27. Bc2 Qb6 28. Qxb6 axb6 29. f5 Ra8 30. fxg6 Rxa3 31. g7 Ra1+ 32. Kf2 Ra2 33. Ke1 Rxc2 34. h4 Rb2 35. Kd1 b4 36. cxb4 Rxb4 37. h5 b5 38. Kd2 c4 39. Rg4 c3+ 0-1

[Event "November 21 Early 2023"]
[Site "https://www.chess.com"]
[Date "2023.11.21"]
[Round "7"]
[White "Mangialardo, Tiago Carvalho"]
[Black "Zivic, Dragan"]
[Result "1/2-1/2"]
[Board "177"]
[TimeControl "180+1"]
[WhiteFideId "2130718"]
[BlackFideId "904740"]
[WhiteElo "2151"]
[BlackElo "2073"]
[WhiteTeam "BRA"]
[BlackTeam "SRB"]
[WhiteClock "0:00:02"]
[BlackClock "0:00:07"]

1. e4 c6 2. c4 d5 3. exd5 cxd5 4. cxd5 Nf6 5. Bb5+ Nbd7 6. Nc3 g6 7. Nf3 Bg7 8. d6 e6 9. O-O O-O 10. d4 Nb6 11. Bf4 Nbd5 12. Be5 a6 13. Bd3 Ne8 14. Nxd5 exd5 15. Qb3 Nxd6 16. Qxd5 Nf5 17. Qe4 Be6 18. Qxb7 Bd5 19. Qc7 Bxf3 20. Qxd8 Rfxd8 21. Bxf5 Bxe5 22. dxe5 Be2 23. Rfe1 Rd2 24. Be4 Rb8 25. b3 Rb4 26. Bf3 Bxf3 27. gxf3 a5 28. Kg2 a4 29. Re3 Kg7 30. bxa4 Rxa4 31. a3 h5 32. Re4 Ra5 33. a4 g5 34. f4 gxf4 35. Rxf4 Rxe5 36. a5 Rd7 37. a6 Ra7 38. Rb4 Re6 39. Rba4 Kg6 40. Ra5 f5 41. Kg3 Rb6 42. Kf4 Rb4+ 43. Kg3 Rb3+ 44. Kf4 Rb6 45. Rg1+ Kh6 46. Rg5 Raxa6 47. Raxf5 Ra4+ 48. Kg3 Rg6 49. Rxg6+ Kxg6 50. Rf4 Ra3+ 51. f3 Ra1 52. Kh4 Ra2 53. h3 Ra6 54. Re4 Rb6 55. f4 Rf6 56. Rd4 Kh6 57. Kg3 Kg6 58. Kf3 Rb6 59. h4 Rf6 60. Ke4 Re6+ 61. Kd5 Re1 62. Kd6 Rh1 63. Ke6 Re1+ 64. Kd6 Rh1 65. Ke6 Re1+ 66. Kd6 1/2-1/2

[Event "November 21 Early 2023"]
[Site "https://www.chess.com"]
[Date "2023.11.21"]
[Round "7"]
[White "Bokros, Albert"]
[Black "Elbebiber"]
[Result "0-1"]
[Board "178"]
[TimeControl "180+1"]
[WhiteFideId "710458"]
[WhiteElo "2489"]
[BlackElo "2149"]
[WhiteTeam "HUN"]
[WhiteClock "0:00:00"]
[BlackClock "0:00:11"]

1. e4 d5 2. Nf3 dxe4 3. Ng5 Nf6 4. d3 Bf5 5. Nc3 exd3 6. Bf4 c6 7. cxd3 e6 8. Be2 Be7 9. O-O Nd5 10. Nxd5 cxd5 11. Nf3 Nc6 12. d4 Qb6 13. Qd2 O-O 14. Rfd1 Rac8 15. Ne5 Nxe5 16. Bxe5 Rc2 17. Qe3 Qxb2 18. Bf3 Qc3 19. Qf4 Bg6 20. Rac1 Rc8 21. Rxc2 Qxc2 22. h3 Qf5 23. Qd2 b6 24. Bg4 Qc2 25. Qf4 Qe4 26. Qd2 h6 27. Bf3 Qc2 28. Qf4 Qf5 29. Qd2 Rc2 30. Qe3 Rxa2 31. Qb3 Ra5 32. Rc1 Kh7 33. Rc8 Bg5 34. Rc7 Bf4 0-1

[Event "November 21 Early 2023"]
[Site "https://www.chess.com"]
[Date "2023.11.21"]
[Round "7"]
[White "Odeh, Kenneth"]
[Black "Kornyukov, Alexey"]
[Result "1/2-1/2"]
[Board "179"]
[TimeControl "180+1"]
[WhiteFideId "8500142"]
[BlackFideId "4150457"]
[WhiteElo "2031"]
[BlackElo "2352"]
[WhiteTeam "NGR"]
[BlackTeam "RUS"]
[WhiteClock "0:00:17"]
[BlackClock "0:00:13"]

1. e4 c5 2. Nc3 e6 3. g3 d5 4. Bg2 d4 5. Nce2 Nc6 6. d3 Be7 7. f4 Nf6 8. Nf3 O-O 9. O-O b6 10. h3 Bb7 11. g4 Nd7 12. f5 exf5 13. exf5 f6 14. Nf4 Qc8 15. Ne6 Rf7 16. Nh4 Nce5 17. Bf4 Bxg2 18. Kxg2 Qc6+ 19. Kg1 Bd6 20. Qe2 Re8 21. Rae1 Qd5 22. b3 g6 23. Qg2 Qxg2+ 24. Nxg2 g5 25. Bh2 Nf8 26. Nxf8 Kxf8 27. Bxe5 Rxe5 28. Rxe5 Bxe5 29. Ne1 h5 30. Nf3 Bf4 31. Re1 hxg4 32. hxg4 Be3+ 33. Kg2 Rh7 34. Rh1 Rxh1 35. Kxh1 Ke7 36. Kg2 Kd6 37. Nh2 Bf4 38. Nf3 Kd5 39. Nh2 b5 40. Nf1 a5 41. Ng3 Bxg3 42. Kxg3 c4 43. Kf3 cxb3 44. cxb3 Ke5 45. Kg3 Kd6 46. Kf3 Kd5 47. Kg3 Kc5 48. a3 b4 49. a4 Kd5 50. Kf3 Ke5 51. Kg3 Kd5 52. Kf3 Kc5 53. Kg3 Kd5 1/2-1/2

[Event "November 21 Early 2023"]
[Site "https://www.chess.com"]
[Date "2023.11.21"]
[Round "7"]
[White "Skurikhin, Dmitrij"]
[Black "Osiecki, Stanislaw"]
[Result "1-0"]
[Board "180"]
[TimeControl "180+1"]
[WhiteFideId "4161297"]
[BlackFideId "1102990"]
[WhiteElo "2197"]
[BlackElo "2048"]
[WhiteTeam "RUS"]
[BlackTeam "POL"]
[WhiteClock "0:00:42"]
[BlackClock "0:00:00"]

1. d4 Nf6 2. Nf3 d6 3. c4 g6 4. Nc3 Bg7 5. e4 O-O 6. Be2 e5 7. O-O Nbd7 8. d5 Nc5 9. Qc2 a5 10. Bg5 h6 11. Be3 b6 12. b3 Ng4 13. Bxc5 bxc5 14. Nd2 f5 15. Bxg4 fxg4 16. a3 h5 17. b4 axb4 18. axb4 Rxa1 19. Rxa1 cxb4 20. Nb5 Bd7 21. Qb3 Qf6 22. Rf1 Bh6 23. Qxb4 Qf4 24. Nb3 Bxb5 25. cxb5 Rb8 26. Na5 Qd2 27. Rb1 Qxb4 28. Rxb4 Bd2 29. Nc6 Ra8 30. Rb1 Ra4 31. g3 Ra2 32. b6 cxb6 33. Rxb6 Be1 34. Rb8+ Kg7 35. Rb7+ Kh6 36. Rf7 g5 37. Ne7 h4 38. gxh4 gxh4 39. Kg2 g3 40. hxg3 hxg3 41. Kxg3 Kg5 42. Rf5+ Kh6 43. Ng8+ Kg7 44. Ne7 Ra3+ 45. Kg4 Bd2 46. Nc8 Ra6 47. Ne7 1-0

[Event "November 21 Early 2023"]
[Site "https://www.chess.com"]
[Date "2023.11.21"]
[Round "7"]
[White "Seletsky, Grigory"]
[Black "LLariMarc"]
[Result "1-0"]
[Board "181"]
[TimeControl "180+1"]
[WhiteFideId "14112191"]
[WhiteElo "2482"]
[BlackElo "2239"]
[WhiteTeam "UKR"]
[WhiteClock "0:00:14"]
[BlackClock "0:01:28"]

1. e4 e6 2. d3 d5 3. Qe2 dxe4 4. dxe4 Nc6 5. c3 b6 6. Nf3 a5 7. Qc2 Ba6 8. Bxa6 Rxa6 9. Qa4 Qd7 10. O-O Nb8 11. Qc2 Nf6 12. Bf4 Be7 13. Ne5 Qc8 14. a4 O-O 15. Nd2 Qb7 16. Rfe1 Nbd7 17. Ndc4 Nxe5 18. Bxe5 Nd7 19. Bd4 Bc5 20. Rad1 Bxd4 21. cxd4 Raa8 22. f3 Rfd8 23. Ne3 Rac8 24. b3 Nf6 25. Qb2 c6 26. e5 Nd5 27. Nc4 Qd7 28. Nd6 Rb8 29. Rd2 Ne7 30. Rc1 Nc8 31. Ne4 Ne7 32. Qc2 Rbc8 33. Nd6 Rc7 34. f4 Nf5 35. Nxf5 exf5 36. d5 c5 37. d6 Rcc8 38. Qc4 Qc6 39. Re1 Rd7 40. Qd5 Qxd5 41. Rxd5 Re8 42. Kf2 Re6 43. g3 g6 44. Re3 Kf8 45. Kf3 h5 46. h3 Ke8 47. g4 fxg4+ 48. hxg4 hxg4+ 49. Kxg4 f6 50. f5 gxf5+ 51. Kxf5 Rxe5+ 52. Rexe5+ fxe5 53. Kxe5 Kd8 54. Rd3 Rh7 55. Rf3 Kd7 56. Rf5 Rg7 57. Kd5 Rh7 58. Re5 Rf7 59. Re7+ Rxe7 60. dxe7 Kxe7 61. Kc6 Ke6 62. Kxb6 Kd5 63. Kxa5 c4 64. bxc4+ Kc5 65. Ka6 Kc6 66. a5 Kc7 67. Kb5 Kb7 68. c5 Ka7 69. c6 Kb8 70. Kc5 Kc7 71. a6 Kc8 72. Kd6 Kb8 73. Kd7 Ka7 74. c7 Kb6 75. c8=Q 1-0